TOP OF THE 1ST |
Connecticut Tigers batting - Pitching for Vancouver Canadians : RHP David Tooley
|
Pitching: RHP David Tooley
|
|
Batting: RHB Brandon Everett
|
0-0: Ball 1-0: SINGLE (Groundball, 5S, EV 70.0 MPH) (infield hit)
|
Batting: LHB Ryan Adams
|
0-0: Fielders Choice at 2nd, 4-6 (Groundball, 4, EV 84.4 MPH)
|
Batting: RHB Trevor Mock
|
0-0: Ball Ryan Adams is caught stealing 2nd base 2-4 1-0: Called Strike 1-1: Fly out, F7 (Flyball, 78M, EV 89.4 MPH)
|
Top of the 1st over - 0 runs, 1 hit, 0 errors, 0 left on base; Connecticut 0 - Vancouver 0 |
BOTTOM OF THE 1ST |
Vancouver Canadians batting - Pitching for Connecticut Tigers : RHP Bror Wuopio
|
Pitching: RHP Bror Wuopio
|
|
Batting: RHB Jose Ontiveros
|
0-0: Called Strike 0-1: Foul Ball, location: 2F 0-2: Ball 1-2: Foul Ball, location: 2F 1-2: Ground out 6-3 (Groundball, 6, EV 88.8 MPH)
|
Batting: RHB Manny Elizondo
|
0-0: Ball 1-0: Swinging Strike 1-1: Swinging Strike 1-2: Strikes out swinging
|
Batting: RHB Terry Plumley
|
0-0: Ball 1-0: Foul Ball, location: 2F 1-1: Called Strike 1-2: SINGLE (Groundball, 56D, EV 101.9 MPH)
|
Batting: RHB Selam Chimsima
|
0-0: Swinging Strike 0-1: Ball 1-1: Foul Ball, location: 2F 1-2: Fly out, F8 (Flyball, 8LM, EV 91.2 MPH)
|
Bottom of the 1st over - 0 runs, 1 hit, 0 errors, 1 left on base; Connecticut 0 - Vancouver 0 |
TOP OF THE 2ND |
Connecticut Tigers batting - Pitching for Vancouver Canadians : RHP David Tooley
|
Batting: RHB Sam Saunders
|
0-0: Swinging Strike 0-1: Ball 1-1: Foul Ball, location: 2F 1-2: Foul Ball, location: 2F 1-2: Foul Ball, location: 2F 1-2: Foul Ball, location: 2F 1-2: Ball 2-2: Foul Ball, location: 2F 2-2: Ball 3-2: Fly out, F6 (Popup, 56, EV 53.8 MPH)
|
Batting: LHB Jon Pedlar
|
0-0: Ball 1-0: Called Strike 1-1: Foul Ball, location: 2F 1-2: Strikes out swinging
|
Batting: RHB Josh Lyon
|
0-0: Ground out U3 (Groundball, 3, EV 83.8 MPH)
|
Top of the 2nd over - 0 runs, 0 hits, 0 errors, 0 left on base; Connecticut 0 - Vancouver 0 |
BOTTOM OF THE 2ND |
Vancouver Canadians batting - Pitching for Connecticut Tigers : RHP Bror Wuopio
|
Batting: RHB Tristan Dennis
|
0-0: DOUBLE (Line Drive, 9LD, EV 108.1 MPH)
|
Batting: RHB Dan Muns
|
0-0: Ball 1-0: Ball 2-0: Called Strike 2-1: Ball 3-1: Base on Balls
|
Batting: RHB Luis Reyes
|
0-0: Fly out, F9 (Flyball, 89D, EV 104.4 MPH) Runner from 2nd tags up, SAFE at 3rd with throw by RF
|
Batting: RHB Braydon Pinsent
|
0-0: Ball 1-0: Called Strike 1-1: Ball 2-1: Ball 3-1: Fielders Choice at 2nd, 4-6 (Groundball, 4, EV 105.0 MPH) Tristan Dennis scores
|
Batting: RHB Jorge Alva
|
0-0: Called Strike 0-1: Ball Braydon Pinsent is caught stealing 2nd base 2-4
|
Bottom of the 2nd over - 1 run, 1 hit, 0 errors, 0 left on base; Connecticut 0 - Vancouver 1 |
TOP OF THE 3RD |
Connecticut Tigers batting - Pitching for Vancouver Canadians : RHP David Tooley
|
Batting: RHB Tony Nunez
|
0-0: Swinging Strike 0-1: Ball 1-1: Ball 2-1: Swinging Strike 2-2: Strikes out swinging, 2-3 out at first.
|
Batting: RHB Matt Haberle
|
0-0: Foul Ball, location: 2F 0-1: Swinging Strike 0-2: Foul Ball, location: 2F 0-2: Ball 1-2: Foul Ball, location: 2F 1-2: Ball 2-2: SINGLE (Groundball, P, EV 85.6 MPH) (infield hit)
|
Batting: LHB Zach Rose
|
0-0: Ball 1-0: Ball 2-0: Ball 3-0: Called Strike 3-1: Foul Ball, location: 2F 3-2: Fielders Choice at 2nd, 3-6 (Groundball, 13, EV 92.5 MPH)
|
Batting: RHB Brandon Everett
|
0-0: Ball 1-0: Ball 2-0: Fly out, F7 (Flyball, 7S, EV 85.0 MPH)
|
Top of the 3rd over - 0 runs, 1 hit, 0 errors, 1 left on base; Connecticut 0 - Vancouver 1 |
BOTTOM OF THE 3RD |
Vancouver Canadians batting - Pitching for Connecticut Tigers : RHP Bror Wuopio
|
Batting: RHB Jorge Alva
|
0-0: Bunted foul 0-1: Called Strike 0-2: Ball 1-2: Ball 2-2: Foul Ball, location: 2F 2-2: Strikes out swinging
|
Batting: RHB Jose Ontiveros
|
0-0: Called Strike 0-1: Called Strike 0-2: Strikes out looking
|
Batting: RHB Manny Elizondo
|
0-0: Ball 1-0: Swinging Strike 1-1: Ball 2-1: Ground out 6-3 (Groundball, 6, EV 80.6 MPH)
|
Bottom of the 3rd over - 0 runs, 0 hits, 0 errors, 0 left on base; Connecticut 0 - Vancouver 1 |
TOP OF THE 4TH |
Connecticut Tigers batting - Pitching for Vancouver Canadians : RHP David Tooley
|
Batting: LHB Ryan Adams
|
0-0: Called Strike 0-1: Ball 1-1: Foul Ball, location: 2F 1-2: Strikes out swinging
|
Batting: RHB Trevor Mock
|
0-0: Ball 1-0: Ground out 2-3 (Groundball, 2R, EV 75.0 MPH)
|
Batting: RHB Sam Saunders
|
0-0: Foul Ball, location: 2F 0-1: Ball 1-1: Ball 2-1: Ball 3-1: Foul Ball, location: 2F 3-2: SINGLE (Line Drive, 78S, EV 107.5 MPH)
|
Batting: LHB Jon Pedlar
|
0-0: Ball Sam Saunders steals 2nd base 1-0: Ball 2-0: Ground out 3-1 (Groundball, 34, EV 107.5 MPH)
|
Top of the 4th over - 0 runs, 1 hit, 0 errors, 1 left on base; Connecticut 0 - Vancouver 1 |
BOTTOM OF THE 4TH |
Vancouver Canadians batting - Pitching for Connecticut Tigers : RHP Bror Wuopio
|
Batting: RHB Terry Plumley
|
0-0: Ball 1-0: Foul Ball, location: 2F 1-1: Fly out, F8 (Flyball, 8LM, EV 78.1 MPH)
|
Batting: RHB Selam Chimsima
|
0-0: Ball 1-0: Called Strike 1-1: Ball 2-1: Swinging Strike 2-2: Foul Ball, location: 2F 2-2: Ball 3-2: SOLO HOME RUN (Flyball, 89XD, EV 105.6 MPH), Distance : 392 ft
|
Batting: RHB Tristan Dennis
|
0-0: Ball 1-0: Fly out, F8 (Line Drive, 89D, EV 105.0 MPH)
|
Batting: RHB Dan Muns
|
0-0: Called Strike 0-1: Foul Ball, location: 2F 0-2: Ball 1-2: Ground out 5-3 (Groundball, 56, EV 80.0 MPH)
|
Bottom of the 4th over - 1 run, 1 hit, 0 errors, 0 left on base; Connecticut 0 - Vancouver 2 |
TOP OF THE 5TH |
Connecticut Tigers batting - Pitching for Vancouver Canadians : RHP David Tooley
|
Batting: RHB Josh Lyon
|
0-0: Foul Ball, location: 2F 0-1: Foul Ball, location: 2F 0-2: Ball 1-2: Foul Ball, location: 2F 1-2: Foul Ball, location: 2F 1-2: Foul Ball, location: 2F 1-2: Ball 2-2: Foul Ball, location: 2F 2-2: SINGLE (Groundball, 34D, EV 105.0 MPH)
|
Batting: RHB Tony Nunez
|
0-0: Foul Ball, location: 2F 0-1: Swinging Strike 0-2: Ball 1-2: Ball Wild Pitch! Josh Lyon to second 2-2: DOUBLE (Groundball, 5L, EV 102.5 MPH) Josh Lyon scores
|
Batting: RHB Matt Haberle
|
0-0: Ball 1-0: Ball Wild Pitch! Tony Nunez to third 2-0: Ball 3-0: Fly out, F8 (Flyball, 8LM, EV 67.5 MPH) Runner from 3rd tags up, SCORES, throw by CF
|
Batting: LHB Zach Rose
|
0-0: Called Strike 0-1: Ground out 6-3 (Groundball, 6D, EV 96.9 MPH)
|
Batting: RHB Brandon Everett
|
0-0: Ball 1-0: Called Strike 1-1: SINGLE (Groundball, 6MD, EV 97.5 MPH)
|
Batting: LHB Ryan Adams
|
0-0: Called Strike 0-1: Called Strike 0-2: Ball 1-2: Fielders Choice at 2nd, 6-4 (Groundball, 6, EV 85.6 MPH)
|
Top of the 5th over - 2 runs, 3 hits, 0 errors, 1 left on base; Connecticut 2 - Vancouver 2 |
BOTTOM OF THE 5TH |
Vancouver Canadians batting - Pitching for Connecticut Tigers : RHP Bror Wuopio
|
Batting: RHB Luis Reyes
|
0-0: Ball 1-0: Fly out, F7 (Flyball, 7, EV 91.2 MPH)
|
Batting: RHB Braydon Pinsent
|
0-0: Swinging Strike 0-1: Ground out 5-3 (Groundball, 56, EV 105.6 MPH)
|
Batting: RHB Jorge Alva
|
0-0: Called Strike 0-1: Ground out 4-3 (Groundball, 4MS, EV 72.5 MPH)
|
Bottom of the 5th over - 0 runs, 0 hits, 0 errors, 0 left on base; Connecticut 2 - Vancouver 2 |
TOP OF THE 6TH |
Connecticut Tigers batting - Pitching for Vancouver Canadians : RHP David Tooley
|
Batting: RHB Trevor Mock
|
0-0: Swinging Strike 0-1: Called Strike 0-2: Ball 1-2: Strikes out swinging
|
Batting: RHB Sam Saunders
|
0-0: Ball 1-0: Ball 2-0: Called Strike 2-1: Ball 3-1: Swinging Strike 3-2: Fly out, F8 (Flyball, 78M, EV 90.6 MPH)
|
Batting: LHB Jon Pedlar
|
0-0: Foul Ball, location: 2F 0-1: Ball 1-1: Ball 2-1: Ball 3-1: Called Strike 3-2: Ground out U3 (Groundball, 3, EV 81.2 MPH)
|
Top of the 6th over - 0 runs, 0 hits, 0 errors, 0 left on base; Connecticut 2 - Vancouver 2 |
BOTTOM OF THE 6TH |
Vancouver Canadians batting - Pitching for Connecticut Tigers : RHP Bror Wuopio
|
Batting: RHB Jose Ontiveros
|
0-0: Foul Ball, location: 2F 0-1: SINGLE (Groundball, 6MD, EV 97.5 MPH)
|
Batting: RHB Manny Elizondo
|
Pickoff Play to 1st, Runner tries for 2nd, OUT after rundown. 0-0: Ball 1-0: Ball 2-0: Ball 3-0: Base on Balls
|
Batting: RHB Terry Plumley
|
0-0: Ball Manny Elizondo steals 2nd base 1-0: Called Strike 1-1: Called Strike Manny Elizondo steals 3rd base (no throw) 1-2: Foul Ball, location: 2F 1-2: DOUBLE (Line Drive, 7LM, EV 103.1 MPH) Manny Elizondo scores
|
Batting: RHB Selam Chimsima
|
0-0: Called Strike 0-1: Called Strike 0-2: Ground out 4-3 (Groundball, 4S, EV 66.2 MPH) Terry Plumley to third
|
Pitching: LHP Satoru Mori
|
|
Batting: RHB Tristan Dennis
|
0-0: SINGLE (Groundball, P, EV 83.8 MPH) (infield hit) Terry Plumley scores
|
Batting: RHB Dan Muns
|
0-0: Ball 1-0: SINGLE (Line Drive, 56D, EV 98.1 MPH) Tristan Dennis to second
|
Batting: RHB Luis Reyes
|
0-0: Called Strike 0-1: Swinging Strike 0-2: Foul Ball, location: 2F 0-2: Ball 1-2: Ball 2-2: Ball 3-2: Strikes out looking
|
Bottom of the 6th over - 2 runs, 4 hits, 0 errors, 2 left on base; Connecticut 2 - Vancouver 4 |
TOP OF THE 7TH |
Connecticut Tigers batting - Pitching for Vancouver Canadians : RHP David Tooley
|
Batting: RHB Josh Lyon
|
0-0: Swinging Strike 0-1: Ball 1-1: Foul Ball, location: 2F 1-2: Strikes out looking
|
Pitching: RHP Ray Willenbrink
|
|
Batting: RHB Tony Nunez
|
0-0: Foul Ball, location: 2F 0-1: Called Strike 0-2: Hit by Pitch
|
Batting: RHB Matt Haberle
|
0-0: Foul Ball, location: 2F 0-1: Grounds into double play, 6-4-3 (Groundball, 6, EV 106.2 MPH)
|
Top of the 7th over - 0 runs, 0 hits, 0 errors, 0 left on base; Connecticut 2 - Vancouver 4 |
BOTTOM OF THE 7TH |
Vancouver Canadians batting - Pitching for Connecticut Tigers : LHP Satoru Mori
|
Batting: RHB Braydon Pinsent
|
0-0: Ball 1-0: Reached on error, E1 (Groundball, 15S, EV 63.1 MPH)
|
Batting: RHB Jorge Alva
|
0-0: Called Strike 0-1: Ball 1-1: Bunt missed! 1-2: Strikes out looking
|
Batting: RHB Jose Ontiveros
|
0-0: Swinging Strike 0-1: Ball 1-1: Called Strike 1-2: Ground out 5-3 (Groundball, 56, EV 86.2 MPH)
|
Batting: RHB Manny Elizondo
|
0-0: Ball 1-0: Ball Braydon Pinsent steals 3rd base 2-0: Ball 3-0: Called Strike 3-1: Called Strike 3-2: Base on Balls
|
Pitching: RHP Bert Hernandez
|
|
Batting: RHB Terry Plumley
|
0-0: Fielders Choice at 2nd, 6-4 (Groundball, 6, EV 97.5 MPH)
|
Bottom of the 7th over - 0 runs, 0 hits, 1 error, 2 left on base; Connecticut 2 - Vancouver 4 |
TOP OF THE 8TH |
Connecticut Tigers batting - Pitching for Vancouver Canadians : RHP Ray Willenbrink
|
Now in LF: Mike Johnson
|
|
Now in RF: Julio Canseco
|
|
Pinch Hitting: RHB Michel Martineau
|
0-0: Ball 1-0: Ground out 3-1 (Groundball, 34, EV 100.6 MPH)
|
Batting: RHB Brandon Everett
|
0-0: Ball 1-0: Called Strike 1-1: Ball 2-1: Swinging Strike 2-2: Strikes out swinging
|
Batting: LHB Ryan Adams
|
0-0: Foul Ball, location: 2F 0-1: Ball 1-1: Ball 2-1: Ground out U3 (Groundball, 3, EV 90.0 MPH)
|
Top of the 8th over - 0 runs, 0 hits, 0 errors, 0 left on base; Connecticut 2 - Vancouver 4 |
BOTTOM OF THE 8TH |
Vancouver Canadians batting - Pitching for Connecticut Tigers : RHP Bert Hernandez
|
Now at 3B: Billy Verdusco
|
|
Batting: RHB Selam Chimsima
|
0-0: Ball 1-0: Foul Ball, location: 2F 1-1: Ball 2-1: Ball 3-1: Base on Balls
|
Batting: RHB Tristan Dennis
|
0-0: Called Strike 0-1: Grounds into double play, 4-6-3 (Groundball, 34S, EV 88.8 MPH)
|
Batting: RHB Dan Muns
|
0-0: SINGLE (Groundball, 6MD, EV 96.2 MPH)
|
Batting: RHB Luis Reyes
|
0-0: Ball 1-0: Ball Dan Muns steals 2nd base 2-0: Swinging Strike 2-1: Ball 3-1: Swinging Strike 3-2: Ground out 6-3 (Groundball, 6S, EV 78.1 MPH)
|
Bottom of the 8th over - 0 runs, 1 hit, 0 errors, 1 left on base; Connecticut 2 - Vancouver 4 |
TOP OF THE 9TH |
Connecticut Tigers batting - Pitching for Vancouver Canadians : RHP Ray Willenbrink
|
Pitching: RHP Dave Vandehey
|
|
Batting: RHB Trevor Mock
|
0-0: Called Strike 0-1: Ball 1-1: Ball 2-1: Ball 3-1: Base on Balls
|
Batting: RHB Sam Saunders
|
0-0: Foul Ball, location: 2F 0-1: Ball 1-1: Ball 2-1: Ball 3-1: Foul Ball, location: 2F 3-2: Base on Balls Trevor Mock to second
|
Batting: LHB Jon Pedlar
|
0-0: Called Strike 0-1: Foul Ball, location: 2F 0-2: Ball 1-2: Foul Ball, location: 2F 1-2: Fly out, F9 (Line Drive, 9, EV 85.6 MPH)
|
Batting: RHB Josh Lyon
|
0-0: Ball 1-0: Swinging Strike 1-1: Swinging Strike 1-2: Foul Ball, location: 2F 1-2: Strikes out swinging
|
Pitching: RHP Eric Bessire
|
|
Batting: RHB Tony Nunez
|
0-0: Ball 1-0: Ball 2-0: Fielders Choice at 2nd, 5-4 (Groundball, 56, EV 89.4 MPH)
|
Top of the 9th over - 0 runs, 0 hits, 0 errors, 2 left on base; Connecticut 2 - Vancouver 4 |
|